 Dungeon Crawl Stone Soup version 0.20-a0-553-g9f38e11 (console) character file.

1964 nht the Martial Artist (level 9, -2/64 HPs)
             Began as a Purple Draconian Transmuter on Feb 3, 2017.
             Was a Priest of Yredelemnul.
             Slain by a sky beast (6 damage)
             ... on level 6 of the Dungeon.
             The game lasted 00:18:00 (5498 turns).

nht the Martial Artist (DrTm)                       Turns: 5498, Time: 00:18:02

Health: -2/64      AC:  2    Str: 10 (12) XL:     9   Next: 0%
Magic:  1/12       EV: 19    Int: 14 (17) God:    Yredelemnul [***...]
Gold:   306        SH:  5    Dex: 17      Spells: 4/12 levels left

rFire    . . .     SeeInvis .     - Unarmed
rCold    . . .     Gourm    .   (armour unavailable)
rNeg     . . .     Faith    .   (shield currently unavailable)
rPois    x         Spirit   .   (helmet currently unavailable)
rElec    .         Reflect  +   (cloak currently unavailable)
rCorr    .         Harm     .   (gloves currently unavailable)
MR       +....                  (boots currently unavailable)
Stlth    ++........             u - +5 amulet of reflection
Regen    0.2/turn               (no ring)
                                (no ring)

@: spider-form (expiring), very slightly contaminated
A: (breathe power), unfitting armour, (cold-blooded), AC +7
a: End Transformation, Recall Undead Slaves, Injury Mirror, Animate Dead,
Renounce Religion


You were on level 6 of the Dungeon.
You worshipped Yredelemnul.
Yredelemnul was most pleased with you.
You were not hungry.
You were a venomous arachnid creature.
You visited 1 branch of the dungeon, and saw 6 of its levels.
You also visited: Sewer.

You collected 306 gold pieces.

Inventory:

Missiles
 a - 12 arrows
Armour
 f - a +2 pair of boots (melded)
Jewellery
 u - a +5 amulet of reflection (around neck)
Scrolls
 d - 2 scrolls of blinking
 e - a scroll of teleportation
 j - 5 scrolls of magic mapping
 k - a scroll of recharging
 o - 5 scrolls of fog
 s - a scroll of remove curse
Potions
 i - a potion of heal wounds
 l - a potion of brilliance
 m - 3 potions of might
 n - 2 potions of flight
 p - 2 potions of magic {unknown}
 q - 3 potions of curing
 t - 2 potions of haste {unknown}
 v - a potion of agility
Books
 b - a book of Changes

   Spells                             Type                      Level
   a - Beastly Appendage              Transmutation                1
   b - Sticks to Snakes               Transmutation                2
   c - Spider Form                    Transmutation/Poison         3
   d - Ice Form                       Ice/Transmutation            4
   e - Blade Hands                    Transmutation                5
Comestibles
 c - 3 bread rations
 g - 3 royal jellies
 h - 2 chunks of flesh
 r - a meat ration


   Skills:
 - Level 1.1 Fighting
 - Level 1.7 Dodging
 * Level 9.2 Unarmed Combat
 - Level 2.4 Spellcasting
 + Level 6.6 Transmutations
 + Level 4.8 Invocations


You had 4 spell levels left.
You knew the following spells:

 Your Spells              Type           Power        Failure   Level  Hunger
a - Blade Hands           Tmut           ###.......   67%         5    ######.
b - Spider Form           Tmut/Pois      ##........   41%         3    ###....


Dungeon Overview and Level Annotations

Branches:
Dungeon (6/15)
 Temple: D:4-7

Altars:
Elyvilon
Fedhas
Gozag
Hepliaklqana
Kikubaaqudgha
Nemelex Xobeh
Okawaru
Qazlal
Ru
Sif Muna
Trog
Uskayaw
Yredelemnul

Shops:
D:5 }

Annotations:
D:5 relec, exclusion: 2 doors


Innate Abilities, Weirdness & Mutations

((You can breathe bolts of dispelling energy.))
((Your rich purple scales are hard. (AC +7)))
You cannot fit into any form of body armour.
((You are cold-blooded and may be slowed by cold attacks.))


Message History

You feel clever.
Your scales feel tougher.
No target in view!
You hit something. You block something's attack.
You barely miss something.
Your transformation is almost over.
Something hits you. Something shocks you.
You hit something. You miss something. Something barely misses you.
You bite something! Something hits you. Something shocks you.
You barely miss something. Something hits you. Something shocks you.
* * * LOW HITPOINT WARNING * * *
You miss something. Something hits you.
* * * LOW HITPOINT WARNING * * *
Something shocks you.
* * * LOW HITPOINT WARNING * * *
You miss something. Something hits you.
* * * LOW HITPOINT WARNING * * *
Something shocks you.
You die...
Your body rises from the dead as a mindless zombie. ███.███ █.....█ ██+█

█.█.█.█ ██...█
█.█.█.█ ██.....██
█.█...█
█......>███.██..█
.......{.██s█...██
.........'{......█
.........████...██
█.......██████..██
██.....████......█
██........._....█
██.███......_..█
█. █....÷....█
████.███._..⌠....█


There were no monsters in sight!

Vanquished Creatures
  Grinder (D:4)
  The ghost of nht the Ruffian, an amateur DrTm of Kikubaaqudgha (D:5)
  Sigmund (D:4)
  Eustachio (D:5)
  Duvessa (D:4)
  An ogre (D:4)
  2 bullfrogs (Sewer)
  A wyvern zombie (D:6)
  Dowan (D:4)
  2 scorpions
  A howler monkey (D:5)
  A jelly (D:5)
  3 orc priests
  An orc wizard (D:5)
  2 hounds
  A centaur skeleton (D:6)
  Crazy Yiuf (D:5)
  3 worker ants
  A hound skeleton (D:6)
  3 gnolls (D:2)
  8 adders
  3 river rats (Sewer)
  2 shadow imps (D:5)
  4 oozes
  2 adder skeletons
  3 worms
  2 dart slugs (D:1)
  4 leopard geckos
  11 orcs
  7 giant cockroaches
  5 goblins
  8 hobgoblins
  18 jackals
  2 quokkas
  15 ball pythons
  5 bats
  8 frilled lizards
  A jackal skeleton (D:5)
  10 kobolds
  A leopard gecko zombie (D:5)
  32 rats
  A spectral orc (D:2)
181 creatures vanquished.

Vanquished Creatures (collateral kills)
  A phantom (D:5)
  A worker ant (D:5)
  An orc (D:4)
3 creatures vanquished.

Vanquished Creatures (others)
  A wight (D:5)
  A mummy (D:6)
  3 jackal zombies (D:5)
5 creatures vanquished.

Grand Total: 189 creatures vanquished

Notes
Turn   | Place    | Note
-------+----------+-------------------------------------------
     0 | D:1      | nht the Draconian Transmuter began the quest for the Orb.
     0 | D:1      | Reached XP level 1. HP: 16/16 MP: 3/3
    96 | D:1      | Reached XP level 2. HP: 2/23 MP: 3/5
   891 | D:1      | Reached XP level 3. HP: 24/28 MP: 6/6
  1001 | D:1      | Reached skill level 4 in Unarmed Combat
  1515 | D:2      | Found a basalt altar of Yredelemnul.
  1547 | D:2      | Reached XP level 4. HP: 34/35 MP: 5/7
  1564 | D:2      | Became a worshipper of Yredelemnul the Dark
  1589 | D:2      | Found a blossoming altar of Fedhas.
  2336 | D:3      | Learned a level 3 spell: Spider Form
  2341 | D:3      | Reached XP level 5. HP: 40/40 MP: 4/8
  2449 | D:3      | Reached skill level 5 in Unarmed Combat
  2450 | D:3      | Found a white marble altar of Elyvilon.
  2599 | D:3      | Found a glowing drain.
  2618 | Sewer    | Entered a sewer
  2817 | Sewer    | Reached * piety under Yredelemnul
  2908 | Sewer    | Reached XP level 6. HP: 47/47 MP: 5/9
  3016 | Sewer    | Reached ** piety under Yredelemnul
  3143 | Sewer    | Reached skill level 6 in Unarmed Combat
  3405 | D:3      | Found an ancient bone altar of Kikubaaqudgha.
  3491 | D:3      | Found a sparkling altar of Nemelex Xobeh.
  3710 | D:4      | Noticed Duvessa
  3711 | D:4      | Noticed Dowan
  3722 | D:4      | Killed Duvessa
  3722 | D:4      | Reached skill level 1 in Invocations
  3722 | D:4      | Your scales start taking on a rich purple colour.
  3722 | D:4      | Reached XP level 7. HP: 49/52 MP: 7/10
  3729 | D:4      | Killed Dowan
  3729 | D:4      | Reached *** piety under Yredelemnul
  3729 | D:4      | Reached skill level 7 in Unarmed Combat
  3729 | D:4      | Reached skill level 5 in Transmutations
  3761 | D:4      | Noticed Grinder
  3761 | D:4      | Noticed Sigmund
  3772 | D:4      | Killed Grinder
  3780 | D:4      | Killed Sigmund
  3780 | D:4      | Reached XP level 8. HP: 50/59 MP: 8/11
  3790 | D:4      | Reached skill level 8 in Unarmed Combat
  3810 | D:4      | Found an opulent altar of Gozag.
  4181 | D:5      | Entered Level 5 of the Dungeon
  4204 | D:5      | Found a deep blue altar of Sif Muna.
  4304 | D:5      | Noticed Eustachio
  4327 | D:5      | Killed Eustachio
  4366 | D:5      | Found a runed door.
  4428 | D:5      | Noticed Crazy Yiuf
  4433 | D:5      | Killed Crazy Yiuf
  4605 | D:5      | Received a gift from Yredelemnul (a wight)
  4642 | D:5      | Found a hazy altar of Hepliaklqana.
  4757 | D:5      | Noticed nht's ghost (amateur DrTm)
  4781 | D:5      | Learned a level 5 spell: Blade Hands
  4799 | D:5      | Killed nht's ghost
  4799 | D:5      | Reached skill level 9 in Unarmed Combat
  5149 | D:5      | Found Uhaly's Gadget Shop.
  5441 | D:6      | Found a bloodstained altar of Trog.
  5442 | D:6      | Found an iron altar of Okawaru.
  5443 | D:6      | Found a stormy altar of Qazlal.
  5444 | D:6      | Found a hide-covered altar of Uskayaw.
  5445 | D:6      | Found a sacrificial altar of Ru.
  5455 | D:6      | Received a gift from Yredelemnul (a mummy)
  5490 | D:6      | Reached XP level 9. HP: 35/64 MP: 0/12
  5498 | D:6      | Slain by a sky beast

Vault maps used:
D:1:      dpeg_arrival_arbitrary_a, hex_tiny, st_stairs_7
D:2:      fedhas_altar_2, yredelemnul_forgotten_temple_becter,
          minmay_misc_feat_diagonals, nicolae_underground_beach
D:3:      nicolae_overflow_hidden_temple, lemuel_crystal_altar,
          marbit_many_paths, lemuel_coloured_pillars_altar,
          portal_sewer_entry_d, first_bread
D:4:      minmay_wonky_spiral, grunt_gozag_statues, kennysheep_pointless_box,
          uniq_grinder, uniq_sigmund, uniq_duvessa
D:5:      cheibrodos_two_vegetables, kennysheep_little_box, basic_altar,
          serial_shops, nicolae_shop_waterfront, uniq_crazy_yiuf_cottage,
          uniq_eustachio
D:6:      grunt_temple_overflow_open, uniq_blork_the_orc, uniq_menkaure
Sewer:    sewer_minmay_w

Skill      XL: |  1  2  3  4  5  6  7  8 |
---------------+-------------------------+-----
Unarmed Combat | 4 5 6 7 9 |  9.2
Transmutations | 3 4 5 6 |  6.6
Invocations    | 1 3 4 |  4.8
Fighting       | |  1.1
Dodging        | |  1.7
Spellcasting   | |  2.4

Action                   |  1- 3 |  4- 6 |  7- 9 || total
-------------------------+-------+-------+-------++-------
Melee: Unarmed           |   163 |   273 |   168 ||   604
       Tailslap          |    18 |    18 |     8 ||    44
       Headbutt          |     6 |     3 |       ||     9
       Kick              |     2 |       |       ||     2
       Punch             |     3 |     3 |     1 ||     7
 Cast: Beastly Appendage |     8 |     3 |       ||    11
       Spider Form       |       |    13 |    10 ||    23
       Blade Hands       |       |       |     1 ||     1
Invok: Animate Dead      |       |       |     7 ||     7
       Recall Undead Sla |       |       |     2 ||     2
  Use: Scroll            |     4 |     5 |     3 ||    12
       Potion            |       |     5 |     6 ||    11
 Stab: Sleeping          |       |     1 |       ||     1
       Invisible         |       |       |     3 ||     3
  Eat: Chunk             |     2 |    10 |     5 ||    17
       Bread ration      |       |       |     1 ||     1
       Royal jelly       |       |       |     1 ||     1
Armor: Skin              |    62 |    97 |    25 ||   184
Dodge: Dodged            |   101 |   302 |   109 ||   512
Block: Other             |       |       |    12 ||    12
